AoeStats
← darador86

Black Forest

506778649Analyzed
4v4 RM · 19d ago on Sep 15, 2026· 66m 33s· 8 players
Game mode
Random Map
Map size
Large (8 player)
Population
200
Speed
Normal
Resources
Standard
Victory
Conquest
Starting age
Dark Age
Ending age
Imperial Age
RankedLock teamsTeams togetherTeam positionsShared explorationLock speedFull tech treeHidden civsTurbo modeCheats
Victory
Defeat
🇦🇷 Spanish · Argentina
803
+13
🇺🇸 Bohemians · United States
743
+16
🇺🇸 Persians · United States
714
+17
🇺🇸 Franks · United States
666
+18
🇨🇴 Khmer · Colombia
797
-19
🇨🇳 Magyars · China
723
-16
🇦🇷 Huns · Argentina
712
-15
🇧🇷 Persians · Brazil
693
-14
信仰之秀
5:34 Loom
13:46 Feudal Age
14:18 Double-Bit Axe
18:09 Castle Age
16:16 Horse Collar
17:36 Stone Mining
17:39 Gold Mining
19:13 Bow Saw
20:13 Wheelbarrow
21:31 Heavy Plow
23:33 Stone Mining
23:34 Gold Mining
28:37 Treadmill Crane
31:07 Hand Cart
34:18 Imperial Age
37:05 Thumb Ring
36:21 Heavy Cavalry Archer
37:27 Parthian Tactics
36:55 Fletching
37:05 Padded Archer Armor
37:11 Scale Barding Armor
37:28 Ballistics
38:08 Chemistry
37:19 Masonry
37:16 Siege Engineers
37:38 Conscription
37:20 Corvinian Army
37:21 Recurve Bow
37:57 Caravan
37:53 Elite Magyar Huszar
40:11 Two-Man Saw
39:52 Crop Rotation
42:48 Bloodlines
42:39 Husbandry
43:04 Murder Holes
44:31 Gold Shaft Mining
45:38 Cavalier
45:56 Capped Ram
47:30 Bodkin Arrow
47:51 Leather Archer Armor
47:57 Chain Barding Armor
49:57 Bracer
50:33 Plate Barding Armor
50:29 Ring Archer Armor
53:34 Onager
darador86
0:33 Loom
16:19 Feudal Age
16:45 Double-Bit Axe
16:45 Horse Collar
17:49 Gold Mining
17:49 Stone Mining
21:09 Fishing Lines
24:00 Castle Age
23:35 Padded Archer Armor
23:25 Fletching
23:50 Forging
23:40 Scale Mail Armor
23:47 Scale Barding Armor
25:40 Bow Saw
25:25 Gillnets
27:33 Masonry
27:49 Town Watch
28:39 Wheelbarrow
28:29 Caravan
33:01 Imperial Age
31:16 Hand Cart
31:30 Town Patrol
33:16 Gold Shaft Mining
32:06 Pikeman
32:09 Elite Skirmisher
32:58 Thumb Ring
34:16 Parthian Tactics
35:15 Ballistics
35:00 Squires
37:11 Marauders
37:04 Elite Tarkan
39:08 Chemistry
38:57 Conscription
38:51 Husbandry
39:01 Bloodlines
39:19 Chain Barding Armor
39:15 Chain Mail Armor
39:13 Bodkin Arrow
39:44 Chain Mail Armor
40:11 Iron Casting
42:17 Guilds
43:11 Cavalier
43:24 Heavy Cavalry Archer
46:15 Plate Barding Armor
46:41 Blast Furnace
45:58 Leather Archer Armor
luhigy23
0:27 Loom
14:36 Feudal Age
18:01 Castle Age
19:26 Wheelbarrow
19:45 Double-Bit Axe
19:52 Horse Collar
22:38 Heavy Plow
27:23 Hand Cart
29:20 Stone Mining
29:20 Gold Mining
29:50 Bow Saw
31:01 Stone Shaft Mining
31:02 Gold Shaft Mining
32:12 Ballistics
34:47 Imperial Age
32:30 Scale Barding Armor
32:28 Scale Mail Armor
32:30 Padded Archer Armor
32:21 Fletching
33:07 Pikeman
33:33 Arson
34:24 Tusk Swords
35:52 Town Watch
36:37 Chain Barding Armor
36:33 Leather Archer Armor
36:13 Bodkin Arrow
36:29 Forging
36:34 Chain Mail Armor
36:01 Halberdier
37:05 Conscription
36:47 Double Crossbow
36:09 Elite Ballista Elephant
36:18 Elite Ballista Elephant
37:28 Caravan
43:47 Chemistry
48:46 Plate Barding Armor
48:48 Iron Casting
48:13 Bracer
48:44 Ring Archer Armor
LookVil
1:07 Loom
10:49 Feudal Age
14:32 Wheelbarrow
20:16 Castle Age
23:01 Double-Bit Axe
27:02 Gold Mining
31:43 Murder Holes
33:00 Horse Collar
36:22 Imperial Age
35:51 Heavy Plow
36:08 Hand Cart
35:39 Town Watch
38:23 Onager
39:20 Caravan
40:53 Conscription
42:23 Town Patrol
44:18 Elite War Elephant
45:05 Husbandry
45:16 Bloodlines
im just gettin lucky
1:22 Loom
11:50 Feudal Age
13:17 Double-Bit Axe
20:32 Castle Age
21:02 Stone Mining
24:34 Bow Saw
31:49 Gold Mining
33:26 Gold Shaft Mining
35:08 Wheelbarrow
39:02 Imperial Age
36:56 Hand Cart
39:07 Scale Barding Armor
39:13 Forging
40:30 Conscription
40:13 Chivalry
40:44 Husbandry
40:06 Cavalier
41:37 Paladin
43:08 Chain Barding Armor
43:24 Iron Casting
44:31 Plate Barding Armor
49:11 Caravan
krook
2:08 Loom
12:19 Feudal Age
12:59 Double-Bit Axe
12:55 Horse Collar
21:53 Castle Age
21:14 Fishing Lines
22:53 Town Watch
23:44 Wheelbarrow
23:54 Bow Saw
24:23 Gillnets
25:41 Chemistry
27:25 Heavy Plow
32:58 Imperial Age
31:11 Ballistics
31:59 Squires
31:20 Pikeman
33:19 Scale Mail Armor
33:30 Forging
33:10 Fletching
34:26 Hand Cart
34:46 Caravan
36:37 Two-Man Saw
35:52 Arson
36:47 Halberdier
38:00 Bodkin Arrow
38:41 Iron Casting
38:21 Chain Mail Armor
38:15 Houfnice
40:26 Elite Hussite Wagon
41:17 Wagenburg Tactics
42:44 Bracer
43:16 Plate Mail Armor
43:47 Blast Furnace
42:56 Siege Engineers
42:46 Murder Holes
48:54 Conscription
66:22 Spies/Treason
huntrixLoL
0:30 Loom
13:58 Feudal Age
14:31 Feudal Age
14:52 Double-Bit Axe
14:54 Horse Collar
23:22 Castle Age
27:44 Heavy Plow
30:48 Wheelbarrow
31:28 Town Watch
34:21 Bow Saw
37:31 Imperial Age
35:05 Town Patrol
36:24 Hand Cart
37:43 Gold Mining
37:44 Stone Mining
38:57 Two-Man Saw
38:27 Crop Rotation
38:42 Elite War Elephant
40:23 Scale Barding Armor
40:31 Forging
41:31 Stone Shaft Mining
41:34 Gold Shaft Mining
41:24 Conscription
41:27 Chain Barding Armor
42:36 Iron Casting
42:29 Husbandry
43:14 Bloodlines
44:30 Plate Barding Armor
47:42 Blast Furnace
BOANERGES
4:28 Loom
14:59 Feudal Age
21:23 Castle Age
20:10 Double-Bit Axe
20:08 Horse Collar
20:29 Gold Mining
21:04 Stone Mining
35:05 Imperial Age
33:03 Fletching
33:36 Ballistics
33:11 Murder Holes
33:36 Bow Saw
34:08 Bodkin Arrow
35:01 Stone Shaft Mining
35:43 Padded Archer Armor
36:52 Chemistry
39:10 Conscription
42:43 Husbandry
42:54 Bloodlines
45:28 Onager
58:15 Elite Conquistador
Connection lost

Rejoining the realm…

Still unreachable

The connection could not be restored.

Session expired

The server has moved on; the page needs a fresh start.